 Dungeon Crawl Stone Soup version 0.31-a0-1074-g0b22e4e0f1 (webtiles) character file.

Game seed: 16648344485349486039

202918 Xavori the Fencer (level 19, -23/140 HPs)
             Began as a Djinni Chaos Knight on Dec 8, 2023.
             Was a Plaything of Xom.
             Annihilated by a vault warden
             ... wielding a +2 heavy bardiche
              (34 damage)
             ... on level 1 of the Vaults.
             The game lasted 00:50:21 (26234 turns).

Xavori the Fencer (Djinni Chaos Knight)            Turns: 26234, Time: 00:50:21

Health: -23/140    AC: 25    Str: 14    XL:     19   Next: 30%
Gold:   389        EV: 19    Int: 21    God:    Xom [*.....] SH: 12 Dex: 15

rFire   + + +        w - +2 Maxwell's thermic engine {flame, freeze, rev}
rCold   x . .        q - +3 buckler of the Past {rElec}
rNeg    . . .        a - quicksilver dragon scales
rPois   ∞            u - +2 hood of the Assassin {Detect Stab+ Stlth++}
rElec   +            x - +2 cloak {rPois}
rCorr   .            f - +0 pair of gloves
SInv    +            (boots unavailable)
Will    +++..        X - amulet "Laguej Jiul" {Faith rF+ Regen+}
Stlth   +++          P - ring of the Octopus King {HP+2 MP+9 AC+2 EV+2 SH+2}
HPRegen 2.03/turn    K - +4 ring of slaying
MPRegen 0.00/turn

%: clarity, faith, infuse magic (-24 HP)
@: flying, studying Shapeshifting
A: sickness immunity, fire resistance 3, cold vulnerability 1, float, innate
caster, HP casting, extra vitality 1, iridescent scales 1, see invisible,
clarity, clever 1, strong-willed 1, mutation resistance 1, regeneration 1,
strong 1, noise suppression
}: 1/15 runes: serpentine
a: Renounce Religion


You were on level 1 of the Vaults.
You worshipped Xom.
You were a special plaything of Xom.
You visited 5 branches of the dungeon, and saw 27 of its levels.
You visited the Abyss 1 time.
You also visited: Gauntlet.

You collected 3413 gold pieces.
You spent 3024 gold pieces at shops.

Inventory:

Hand Weapons
 w - the +2 Maxwell's thermic engine (weapon) {flame, freeze, rev}
   (You acquired it on level 4 of the Dungeon)
Armour
 a - quicksilver dragon scales (worn)
 f - a +0 pair of gloves (worn)
 q - the +3 buckler of the Past (worn) {rElec}
   (You bought it in a shop on level 2 of the Snake Pit)

   rElec:     It insulates you from electricity.
 u - the +2 hood of the Assassin (worn) {Detect Stab+ Stlth++}
   (You bought it in a shop on level 2 of the Orcish Mines)

   Detect:    It allows the wearer to sense nearby creatures.
   Stab+:     It allows the wearer to make particularly effective stabbing
   attacks against helpless or unaware enemies with any weapon.
   Stlth++:   It makes you much more stealthy.
 x - a +2 cloak of poison resistance (worn)
 O - +0 acid dragon scales
Jewellery
 p - a ring of ice
 s - a +5 ring of evasion
 K - a +4 ring of slaying (right hand)
 P - a ring of the Octopus King (left hand) {HP+2 MP+9 AC+2 EV+2 SH+2}
   (You found it in a Gauntlet)

   [ring of magical power]

   AC+2:      It affects your AC (+2).
   EV+2:      It affects your evasion (+2).
   HP+2:      It affects your health (+2).
   MP+9:      It affects your magic capacity (+9).
   SH+2:      It affects your SH (+2).
 U - a +5 ring of evasion
 X - the amulet "Laguej Jiul" (around neck) {Faith rF+ Regen+}
   (You found it on level 4 of the Lair of Beasts)

   [amulet of faith]

   Faith:     It allows you to gain divine favour quickly.
   rF+:       It protects you from fire.
   Regen+:    It increases your rate of health regeneration.
Talismans
 L - a talisman of death
Wands
 b - a wand of mindburst (9)
 y - a wand of roots (14)
 C - a wand of polymorph (19)
 D - a wand of light (10)
 G - a wand of flame (44)
 Q - a wand of digging (9)
 R - a wand of charming (34)
Scrolls
 c - a scroll of butterflies
 d - a scroll of revelation {unknown}
 e - 4 scrolls of poison
 k - a scroll of brand weapon {unknown}
 m - 10 scrolls of teleportation
 n - 3 scrolls of summoning
 o - 4 scrolls of blinking
 r - 5 scrolls of enchant weapon
 E - a scroll of vulnerability
 I - a scroll of silence {unknown}
 M - 3 scrolls of fear
 N - a scroll of identify
 T - 5 scrolls of fog
 V - a scroll of torment
 Y - 3 scrolls of immolation {unknown}
 Z - 4 scrolls of enchant armour
Potions
 g - 3 potions of heal wounds
 h - 15 potions of curing
 i - a potion of resistance {unknown}
 j - 7 potions of enlightenment
 l - 5 potions of might
 v - 6 potions of mutation {unknown}
 z - 2 potions of haste {unknown}
 A - 3 potions of degeneration {unknown}
 B - 2 potions of lignification
 F - 2 potions of cancellation {unknown}
 H - 3 potions of invisibility {unknown}
 S - 3 potions of brilliance
 W - a potion of magic {unknown}
Miscellaneous
 J - a tin of tremorstones (2/2)


   Skills:
 * Level 13.1 Fighting
 + Level 15.0 Long Blades
 + Level 12.4 Armour
 + Level 13.6 Dodging
 + Level 10.6 Shields
 * Level 11.9 Spellcasting
 * Level 11.9 Conjurations
 * Level 11.9 Hexes
 * Level 11.9 Summonings
 * Level 11.9 Necromancy
 * Level 11.9 Translocations
 * Level 11.9 Transmutations
 * Level 11.9 Fire Magic
 * Level 11.9 Ice Magic
 * Level 11.9 Air Magic
 * Level 11.9 Earth Magic
 * Level 11.9 Poison Magic
 * Level 10.4 Shapeshifting


You knew the following spells:

 Your Spells              Type           Power      Damage    Failure   Level
a - Freeze                Ice            100%       1d10      1%          1
b - Poisonous Vapours     Pois/Air       100%       N/A       1%          2
c - Call Imp              Summ           100%       N/A       1%          2
d - Tukima's Dance        Hex            58%        N/A       1%          3
e - Metabolic Englaciati  Hex/Ice        29%        N/A       2%          5
f - Freezing Cloud        Conj/Ice/Air   29%        6-21      2%          5
g - Summon Cactus Giant   Summ           29%        N/A       12%         6
h - Malign Gateway        Summ/Tloc      29%        N/A       56%         7
i - Monstrous Menagerie   Summ           29%        N/A       56%         7
Your spell library was empty.

Dungeon Overview and Level Annotations

Branches:
Dungeon (15/15)            Temple (0/1) D:6            Lair (5/5) D:10
  Swamp (0/4) Lair:3        Snake (4/4) Lair:3        Slime (0/5) Lair:4
    Orc (2/2) D:10            Elf (0/3) Orc:2        Vaults (1/5) D:13
 Depths (0/4) D:15        Gauntlet (visited)

Altars:
Fedhas
Trog
Xom
Yredelemnul
Zin
Jiyva

Shops:
D:9 *   D:12 (   Orc:1 *   Orc:2 :(*[   Snake:2 [   Snake:3 ((   Vaults:1 :

Portals:
Trove: D:14 (give +4 ice dragon scales)

Annotations:
D:15 2 transporters


Innate Abilities, Weirdness & Mutations

You are immune to sickness and miasma.
You are immune to poison.
Your flesh is almost immune to the effects of heat. (rF+++)
You are vulnerable to cold. (rC-)
You float through the air rather than walking.
You learn spells naturally, not from books.
Your magical power is your life essence.
You have superior vitality. (+4 MHP)
You are partially covered in iridescent scales. (AC +2)
You have supernaturally acute eyesight. (SInv)
You possess an exceptional clarity of mind.
Your mind is acute. (Int +4, Str/Dex -1)
You are strong-willed. (Will+)
You are somewhat resistant to further mutation.
Your natural rate of healing is unusually fast.
Your muscles are strong. (Str +4, Int/Dex -1)
You passively dampen the noise of your surroundings.


Message History

You are too injured to fight recklessly!
Unknown command.
Unknown command.
You are too injured to fight recklessly!
You are too injured to fight recklessly!
Unknown command.
You slice the vault warden!! You burn the vault warden!
You freeze the vault warden.
The vault warden is heavily wounded.
You hit the vault warden but do no damage.
You freeze the vault warden.
The vault warden is severely wounded.
The ironbound convoker is recalled.
You block the vault warden's attack.
An arcanist comes into view. It is wielding a +0 dagger.
You barely miss the vault warden.
The vault warden is heavily wounded.
You barely miss the vault warden.
The vault warden is heavily wounded.
The arcanist mumbles some strange words.
The arcanist seems to speed up.
You block the vault warden's attack.
You barely miss the vault warden.
The vault warden is heavily wounded.
Unknown command.
You slash the vault warden! You burn the vault warden.
You freeze the vault warden.
The vault warden is severely wounded. "Serve the mortal, my child!"
The vault warden barely misses you.
You closely miss the vault warden.
The vault warden is severely wounded.
You barely miss the vault warden.
The vault warden is severely wounded.
The vault warden hits you with a +2 heavy bardiche!!!
* * * LOW HITPOINT WARNING * * *
Unknown command.
You swap places.
An ironbound frostheart comes into view.
The vault warden hits you from afar with a +2 heavy bardiche!!
You die...
Xom guffaws!

#
#....#############.......#
#......).................#
#####....................#
## #....................#
..# #....................#
# ....
#....................# ##
.....
#....................#
.#......
#...####+########....#
...p..# #...#.5@bbb.#
#....# .....##
#...#p##.##.# #....#
....## #...#, #p# # #.)..#
#....# #...#


,ppp,{ #....# #....# #...# ##b## #.)..# ##+## ##...#{ #b# #....# #....# ...
#....# #....# ### #....# #.)..# #....# You could see a vault warden (strong,
ally target), a vault guard, an ironbound frostheart, an arcanist (fast) and a
friendly white imp (summoned).

Vanquished Creatures
  Vashnia (Snake:4)
  A quicksilver dragon (Snake:4)
  Gastronok (Lair:3)
  Aizul (Snake:2)
  A storm dragon (D:13)
  3 nagarajas
  2 vault wardens (Vaults:1)
  3 orc warlords
  An ironbound thunderhulk (Vaults:1)
  An ironbound preserver (Vaults:1)
  A formless jellyfish (Vaults:1)
  The ghost of Osyvawk the Marksdraconian, a journeyman DrMo of Hepliaklqana (Lair:4)
  Azrael (Snake:2)
  7 dire elephants (Vaults:1)
  A minotaur (Gauntlet)
  A blizzard demon (Abyss:3)
  Josephine (Orc:2)
  A fire dragon (Lair:5)
  A great orb of eyes (Vaults:1)
  A yaktaur captain (D:13)
  The ghost of pigah the Mimic, a journeyman OpSh of Gozag (Lair:2)
  An entropy weaver (Vaults:1)
  6 salamander tyrants
  5 hydras
  A rakshasa (D:13)
  7 vault guards
  3 anacondas
  3 ironbound frosthearts (Vaults:1)
  15 centaur warriors
  4 two-headed ogres
  A tengu warrior (D:13)
  13 naga warriors
  2 deep troll earth magi
  An occultist (Abyss:3)
  10 boulder beetles
  2 thrashing horrors (Abyss:3)
  7 death yaks
  11 shock serpents
  An orc high priest (Orc:2)
  Urug (Lair:4)
  15 naga sharpshooters
  Nergalle (Lair:3)
  3 skysharks
  A wretched star (Abyss:3)
  5 sixfirhies
  2 salamander mystics (Snake:1)
  A spectral hydra (Lair:4)
  5 deep trolls
  2 fire crabs
  3 naga ritualists
  Pikel (D:8)
  2 large abominations (Abyss:3)
  7 orc knights
  9 lindwurms (Vaults:1)
  An arcanist (Vaults:1)
  A mana viper (Snake:4)
  A deep elf pyromancer (D:12)
  7 cyclopes
  2 orc sorcerers
  16 salamanders
  A salamander (shapeshifter) (D:14)
  A moth of wrath (Vaults:1)
  4 manticores
  4 ugly things
  28 black mambas
  3 guardian serpents (Snake:4)
  3 elephants (Lair:5)
  11 naga magi
  Maggie (D:8)
  3 molten gargoyles (Lair:5)
  A vault sentinel (Vaults:1)
  A smoke demon (Abyss:3)
  A torpor snail (Lair:4)
  The ghost of Jeffwins the Shooter, a novice VSHs of Gozag (D:5)
  5 gargoyles
  An unseen horror (D:10)
  11 cane toads
  2 rime drakes
  4 kobold demonologists
  A komodo dragon (shapeshifter) (D:15)
  4 yaktaurs
  24 komodo dragons
  A tengu conjurer (D:13)
  A meliai (D:15)
  A merfolk (D:14)
  8 trolls
  A merfolk (shapeshifter) (Lair:3)
  3 ancient zymes (Abyss:3)
  2 polar bears
  A raiju (Abyss:3)
  22 blink frogs
  A tarantella (Vaults:1)
  A spectral dream sheep (Lair:4)
  A glass eye (Snake:4)
  3 dream sheep (Lair:4)
  8 spriggans (D:10)
  8 wraiths
  2 shadows (D:11)
  13 slime creatures
  A basilisk (shapeshifter) (Snake:3)
  2 vampires
  2 ynoxinuls (Abyss:3)
  57 yaks
  7 wyverns
  6 fire bats (Gauntlet)
  8 basilisks
  5 fire elementals (Snake:2)
  A steam dragon (Lair:5)
  A golden eye (D:7)
  A redback (Vaults:1)
  4 vampire mosquitoes
  A neqoxec (Abyss:3)
  4 wargs (Orc:2)
  40 nagas
  A small abomination (Abyss:3)
  An acid dragon (D:13)
  2 hydra simulacra (Lair:4)
  5 hell hounds
  14 water moccasins
  An ice beast (D:7)
  A black bear (D:5)
  31 orc warriors
  4 sky beasts
  3 boggarts (D:15)
  8 ogres
  25 wolves
  A lemure (D:8)
  10 centaurs
  4 phantoms
  14 bullfrogs
  8 kobold brigands
  2 cane toad simulacra (Lair:4)
  2 gnoll sergeants
  4 scorpions
  7 wights
  A water moccasin skeleton (D:6)
  A hornet simulacrum (D:15)
  7 killer bees
  4 howler monkeys
  2 jellies (Lair:4)
  A bullfrog zombie (D:6)
  5 lava snakes (Lair:5)
  10 orc priests
  2 centaur skeletons (D:6)
  3 gnoll boudas
  7 hounds
  Ijyb (D:5)
  2 sleepcaps
  20 orc wizards
  2 iguanas
  2 killer bee zombies (D:6)
  3 howler monkey zombies (D:6)
  19 gnolls
  2 howler monkey skeletons (D:6)
  A river rat (D:2)
  6 adders
  2 shadow imps (D:7)
  3 white imps
  3 ufetubi
  5 dart slugs
  54 orcs
  12 endoplasms
  4 giant cockroaches
  9 goblins
  6 hobgoblins
  2 jackals (D:1)
  25 kobolds
  4 quokkas
  9 ball pythons
  2 bats
  3 frilled lizards
  8 rats
943 creatures vanquished.

Vanquished Creatures (collateral kills)
  2 wyverns
  3 vampire mosquitoes (D:9)
  A centaur (D:10)
  A bullfrog (D:9)
  3 wights (D:9)
  An orc wizard (D:9)
  An orc (D:9)
  2 kobolds (D:7)
14 creatures vanquished.

Vanquished Creatures (others)
  An occultist (Abyss:3)
  A troll (D:7)
  2 bullfrogs (D:7)
  A quasit (Abyss:3)
  An iguana (D:7)
  A gnoll (Orc:2)
  A shadow imp (D:7)
  2 orcs
10 creatures vanquished.

Grand Total: 967 creatures vanquished

Notes
Turn   | Place    | Note
-------+----------+-------------------------------------------
     0 | D:1      | Xavori the Djinni Chaos Knight began the quest for the Orb.
     0 | D:1      | Reached XP level 1. HP: 20/20 MP: 0/0
   185 | D:1      | Reached XP level 2. HP: 25/25 MP: 0/0
   224 | D:1      | XOM: smoke on damage
   266 | D:1      | Found a faded altar of an unknown god.
   394 | D:1      | XOM: silly message
   816 | D:1      | Reached XP level 3. HP: 26/30 MP: 0/0
   816 | D:1      | Learned a level 1 spell: Freeze
  1124 | D:1      | XOM: silly message
  1544 | D:1      | XOM: scenery: create altars
  1567 | D:1      | XOM: give mutations
  1567 | D:1      | Gained mutation: Your natural rate of healing is unusually
                  | fast. [Xom's grace]
  1567 | D:1      | Gained mutation: Your flesh is almost immune to the effects
                  | of heat. (rF+++) [Xom's grace]
  1886 | D:2      | XOM: snakes to sticks
  2003 | D:2      | Reached skill level 3 in Long Blades
  2003 | D:2      | Reached skill level 1 in Spellcasting
  2003 | D:2      | Reached skill level 1 in Conjurations
  2003 | D:2      | Reached skill level 1 in Hexes
  2003 | D:2      | Reached skill level 1 in Summonings
  2003 | D:2      | Reached skill level 1 in Necromancy
  2003 | D:2      | Reached skill level 1 in Translocations
  2003 | D:2      | Reached skill level 1 in Transmutations
  2003 | D:2      | Reached skill level 1 in Fire Magic
  2003 | D:2      | Reached skill level 1 in Ice Magic
  2003 | D:2      | Reached skill level 1 in Air Magic
  2003 | D:2      | Reached skill level 1 in Earth Magic
  2003 | D:2      | Reached skill level 1 in Poison Magic
  2098 | D:2      | XOM: god gift: metallic amethyst potion {god gift}
  2114 | D:2      | Reached XP level 4. HP: 35/35 MP: 0/0
  2307 | D:2      | XOM: polymorph giant cockroach -> river rat
  2433 | D:2      | XOM: summons 3 hostile shadow creatures
  2937 | D:3      | XOM: stat loss: -1 Dex (13/14)
  2965 | D:3      | XOM: summons 1 hostile shadow creature
  3043 | D:4      | XOM: 1-stop teleportation journey
  3059 | D:4      | Reached XP level 5. HP: 40/40 MP: 0/0
  3059 | D:4      | Learned a level 2 spell: Poisonous Vapours
  3079 | D:4      | Noticed an orc warrior
  3085 | D:4      | XOM: blink monster(s)
  3123 | D:4      | Killed an orc warrior
  3124 | D:4      | Reached XP level 6. HP: 14/47 MP: 0/0
  3332 | D:4      | XOM: divination: magic mapping
  3346 | D:4      | Reached XP level 7. HP: 52/52 MP: 0/0
  3346 | D:4      | Learned a level 2 spell: Call Imp
  3577 | D:4      | XOM: give mutations
  3577 | D:4      | Gained mutation: You passively dampen the noise of your
                  | surroundings. [Xom's grace]
  3577 | D:4      | Gained mutation: Your muscles are strong. (Str +4, Int/Dex
                  | -1) [Xom's grace]
  3577 | D:4      | Gained mutation: Your spells are a little harder to cast,
                  | but a little more powerful. [Xom's grace]
  3577 | D:4      | Gained mutation: You are partially covered in iridescent
                  | scales. (AC +2) [Xom's grace]
  3615 | D:4      | Identified 3 scrolls of acquirement
  3616 | D:4      | Acquired the +2 Maxwell's thermic engine {flame, freeze,
                  | rev}
  3616 | D:4      | Found the +2 Maxwell's thermic engine {flame, freeze, rev}
  3619 | D:4      | Acquired a +2 cloak of poison resistance
  3626 | D:4      | Acquired the amulet of Fucyirra {Regen+ Int+2}
  3650 | D:5      | Entered Level 5 of the Dungeon
  3659 | D:5      | Reached skill level 4 in Long Blades
  3799 | D:5      | Found a runed translucent gate.
  3799 | D:5      | Found a runed translucent gate.
  3799 | D:5      | Noticed Jeffwins's ghost (novice VSHs)
  3800 | D:5      | Found a runed translucent gate.
  3864 | D:5      | Found a glowing silver altar of Zin.
  3865 | D:5      | Found a blossoming altar of Fedhas.
  3963 | D:5      | Reached XP level 8. HP: 58/58 MP: 0/0
  3978 | D:5      | XOM: summons friendly iron imp
  4050 | D:5      | Found a basalt altar of Yredelemnul.
  4268 | D:5      | Noticed Ijyb
  4274 | D:5      | Killed Ijyb
  4323 | D:5      | Found a bloodstained altar of Trog.
  4386 | D:5      | XOM: give mutations
  4386 | D:5      | Gained mutation: You have sharp fingernails. [Xom's grace]
  4386 | D:5      | Gained mutation: Your muscles are very strong. (Str +8,
                  | Int/Dex -2) [Xom's grace]
  4502 | D:5      | Reached skill level 5 in Long Blades
  4502 | D:5      | XOM: enchant monster (good)
  4526 | D:5      | Killed Jeffwins's ghost
  4527 | D:5      | Reached skill level 5 in Fighting
  4527 | D:5      | Reached skill level 5 in Dodging
  4527 | D:5      | Reached XP level 9. HP: 65/65 MP: 0/0
  4527 | D:5      | Learned a level 3 spell: Tukima's Dance
  4773 | D:6      | Reached skill level 6 in Long Blades
  4976 | D:6      | Found a staircase to the Ecumenical Temple.
  5220 | D:7      | Noticed a troll
  5220 | D:7      | XOM: confuse monster(s)
  5225 | D:7      | XOM: confuse monster(s)
  5229 | D:7      | Killed a troll
  5230 | D:7      | Reached skill level 5 in Armour
  5247 | D:7      | XOM: summons friendly quasit
  5255 | D:7      | Reached XP level 10. HP: 64/72 MP: 0/0
  5367 | D:7      | Found a shimmering altar of Xom.
  5369 | D:7      | XOM: scenery: summon butterflies
  5374 | D:7      | Reached skill level 7 in Long Blades
  5375 | D:7      | Reached skill level 5 in Spellcasting
  5375 | D:7      | Reached skill level 5 in Conjurations
  5375 | D:7      | Reached skill level 5 in Hexes
  5375 | D:7      | Reached skill level 5 in Summonings
  5375 | D:7      | Reached skill level 5 in Necromancy
  5375 | D:7      | Reached skill level 5 in Translocations
  5375 | D:7      | Reached skill level 5 in Transmutations
  5375 | D:7      | Reached skill level 5 in Fire Magic
  5375 | D:7      | Reached skill level 5 in Ice Magic
  5375 | D:7      | Reached skill level 5 in Air Magic
  5375 | D:7      | Reached skill level 5 in Earth Magic
  5375 | D:7      | Reached skill level 5 in Poison Magic
  5496 | D:7      | Noticed a manticore
  5496 | D:7      | Noticed a komodo dragon
  5621 | D:7      | XOM: fake destruction
  5622 | D:7      | Killed a manticore
  5633 | D:7      | Killed a komodo dragon
  5641 | D:7      | XOM: polymorph basilisk -> golden eye
  5864 | D:7      | Noticed a gargoyle
  5866 | D:7      | Noticed a boulder beetle
  5868 | D:7      | XOM: fog
  5879 | D:7      | XOM: smoke on damage
  5884 | D:7      | Killed a boulder beetle
  5885 | D:7      | Reached skill level 8 in Long Blades
  5885 | D:7      | Noticed a manticore
  5891 | D:7      | Killed a gargoyle
  5892 | D:7      | Reached XP level 11. HP: 40/78 MP: 0/0
  5892 | D:7      | Learned a level 5 spell: Metabolic Englaciation
  5903 | D:7      | XOM: noise
  5909 | D:7      | Killed a manticore
  5942 | D:7      | XOM: divine lightning
  5945 | D:7      | Identified the staff "Cahocoss" {rPois Str+2 Int+2 Poison}
  6068 | D:7      | XOM: give mutations
  6068 | D:7      | Lost mutation: You have sharp fingernails. [Xom's mischief]
  6068 | D:7      | Lost mutation: You are partially covered in iridescent
                  | scales. (AC +2) [Xom's mischief]
  6068 | D:7      | Gained mutation: You are dopey. (Int -2) [Xom's mischief]
  6068 | D:7      | Gained mutation: You sometimes lose your temper in combat.
                  | [Xom's mischief]
  6249 | D:8      | Noticed Pikel
  6258 | D:8      | Killed Pikel
  6336 | D:8      | Reached skill level 1 in Shields
  6347 | D:8      | XOM: repel stairs
  6353 | D:8      | XOM: 8-stop teleportation journey
  6731 | D:8      | Noticed Maggie
  6743 | D:8      | Killed Maggie
  6928 | D:8      | XOM: give mutations
  6928 | D:8      | Gained mutation: You have very sharp teeth. [Xom's
                  | mischief]
  6928 | D:8      | Lost mutation: You are dopey. (Int -2) [Xom's mischief]
  6928 | D:8      | Lost mutation: Your muscles are very strong. (Str +8,
                  | Int/Dex -2) [Xom's mischief]
  6928 | D:8      | Gained mutation: You are robust. (+10% HP) [Xom's mischief]
  7332 | D:9      | Found Nalu's General Store.
  7346 | D:9      | Bought a potion of curing for 45 gold pieces
  7426 | D:9      | XOM: enchant monster (good)
  7545 | D:9      | XOM: god gift: 38 gold pieces
  7549 | D:9      | Reached skill level 9 in Long Blades
  7714 | D:9      | XOM: give mutations
  7714 | D:9      | Lost mutation: You sometimes lose your temper in combat.
                  | [Xom's grace]
  7714 | D:9      | Gained mutation: You are agile. (Dex +4, Str/Int -1) [Xom's
                  | grace]
  7714 | D:9      | Gained mutation: You have a pair of small horns on your
                  | head. [Xom's grace]
  7725 | D:10     | Entered Level 10 of the Dungeon
  7763 | D:10     | XOM: snakes to sticks
  7768 | D:10     | Found a staircase to the Lair.
  7775 | D:10     | XOM: snakes to sticks
  7780 | D:10     | XOM: butterfly on damage
  7788 | D:10     | XOM: polymorph butterfly -> river rat
  7931 | D:10     | Reached XP level 12. HP: 94/94 MP: 0/0
  8324 | D:10     | Found a staircase to the Orcish Mines.
  8325 | D:10     | XOM: fog
  8515 | Lair:1   | Entered Level 1 of the Lair of Beasts
  8522 | Lair:1   | XOM: 3-stop teleportation journey
  8597 | Lair:1   | XOM: god gift: wand of charming (4)
  8649 | Lair:1   | Reached skill level 10 in Long Blades
  8674 | Lair:1   | XOM: cloud trail
  8790 | Lair:1   | XOM: give mutations
  8790 | Lair:1   | Gained mutation: You expend health (3 HP) to strengthen
                  | your wands. [Xom's grace]
  8790 | Lair:1   | Gained mutation: You are very agile. (Dex +8, Str/Int -2)
                  | [Xom's grace]
  8790 | Lair:1   | Gained mutation: You possess an exceptional clarity of
                  | mind. [Xom's grace]
  8829 | Lair:1   | Identified the +0 leather armour of Cheibriados's Reproof
                  | {+Inv Str+4 Stlth-}
  8916 | Lair:1   | XOM: 1-stop teleportation journey
  9049 | Lair:1   | XOM: enchant monster (good)
  9069 | Lair:1   | XOM: polymorph cerulean imp -> lemure
  9185 | Lair:2   | Noticed pigah's ghost (journeyman OpSh)
  9185 | Lair:2   | Found a runed translucent gate.
  9185 | Lair:2   | Found a runed translucent gate.
  9185 | Lair:2   | Found a runed translucent gate.
  9256 | Lair:2   | XOM: summons 12 friendly demons
  9262 | Lair:2   | Reached XP level 13. HP: 96/102 MP: 0/0
  9262 | Lair:2   | Learned a level 5 spell: Freezing Cloud
  9383 | Lair:2   | XOM: destruction
  9560 | Lair:2   | XOM: noise
  9627 | Lair:2   | XOM: swap monsters
  9769 | Lair:2   | Reached skill level 5 in Shields
 10137 | Lair:2   | Killed pigah's ghost
 10193 | Lair:3   | XOM: enchant monster (good)
 10201 | Lair:3   | Found a staircase to the Swamp.
 10251 | Lair:3   | XOM: swap monsters
 10262 | Lair:3   | XOM: silly message
 10296 | Lair:3   | XOM: divination: detect items
 10399 | Lair:3   | Noticed a seven-headed hydra
 10406 | Lair:3   | Killed a four-headed hydra
 10407 | Lair:3   | Reached skill level 11 in Long Blades
 10509 | Lair:3   | Noticed Gastronok
 10513 | Lair:3   | XOM: divine lightning
 10516 | Lair:3   | Killed Gastronok
 10524 | Lair:3   | Noticed Nergalle
 10526 | Lair:3   | XOM: enchant monster (bad)
 10537 | Lair:3   | Killed Nergalle
 10571 | Lair:3   | XOM: polymorph wyvern -> glowing shapeshifter
 10898 | Lair:3   | Found a staircase to the Snake Pit.
 11031 | Lair:4   | XOM: 1-stop teleportation journey
 11068 | Lair:4   | Reached XP level 14. HP: 99/111 MP: 0/0
 11169 | Lair:4   | XOM: scenery: create altars
 11192 | Lair:4   | Found a runed translucent gate.
 11192 | Lair:4   | Found a runed translucent gate.
 11192 | Lair:4   | Found a runed translucent gate.
 11192 | Lair:4   | Noticed Osyvawk's ghost (journeyman DrMo)
 11192 | Lair:4   | XOM: swap monsters
 11251 | Lair:4   | Reached skill level 10 in Dodging
 11275 | Lair:4   | XOM: destruction
 11296 | Lair:4   | XOM: divine lightning
 11298 | Lair:4   | XOM: give mutation
 11298 | Lair:4   | Lost mutation: You possess an exceptional clarity of mind.
                  | [Xom's mischief]
 11352 | Lair:2   | XOM: fog
 11361 | Lair:2   | XOM: scenery: summon butterflies
 11385 | Lair:3   | XOM: give mutations
 11385 | Lair:3   | Gained mutation: You are strong-willed. (Will+) [Xom's
                  | grace]
 11385 | Lair:3   | Gained mutation: You passively map a small area around you.
                  | [Xom's grace]
 11516 | Lair:4   | XOM: divination: detect creatures
 11535 | Lair:4   | XOM: divination: detect items
 11540 | Lair:4   | XOM: enchant monster (good)
 11550 | Lair:4   | Killed Osyvawk's ghost
 11571 | Lair:4   | Identified the amulet "Laguej Jiul" {Faith rF+ Regen+}
 11676 | Lair:4   | XOM: divination: detect items
 11750 | Lair:4   | Noticed Urug
 11756 | Lair:4   | XOM: smoke on damage
 11761 | Lair:4   | XOM: smoke on damage
 11764 | Lair:4   | Killed Urug
 11905 | Lair:4   | Found a viscous altar of Jiyva.
 11906 | Lair:4   | Found a staircase to the Slime Pits.
 11966 | Lair:5   | Entered Level 5 of the Lair of Beasts
 11983 | Lair:5   | Reached skill level 12 in Long Blades
 12071 | Lair:5   | Found a gate leading to a gauntlet.
 12083 | Gauntlet | Entered a Gauntlet
 12083 | Gauntlet | Found a transporter.
 12092 | Gauntlet | Found a transporter.
 12109 | Gauntlet | Found a transporter.
 12113 | Gauntlet | Found a transporter.
 12123 | Gauntlet | Found a transporter.
 12146 | Gauntlet | Found the +3 Mad Mage's Maulers {Infuse+∞ VampMP -Cast}
 12147 | Gauntlet | Found a transporter.
 12160 | Gauntlet | Found a transporter.
 12188 | Gauntlet | Found a runed translucent gate.
 12189 | Gauntlet | Found a transporter.
 12189 | Gauntlet | Found a transporter.
 12189 | Gauntlet | Found a runed translucent gate.
 12194 | Gauntlet | Found a transporter.
 12203 | Gauntlet | Found a runed translucent gate.
 12222 | Gauntlet | Found a transporter.
 12222 | Gauntlet | Found a transporter.
 12247 | Gauntlet | Found the +7 Spriggan's Knife {stab, EV+4 Stlth+}
 12254 | Gauntlet | Found the ring of the Octopus King
 12355 | Gauntlet | XOM: enchant monster (good)
 12360 | Gauntlet | XOM: divination: detect items
 12371 | Gauntlet | Identified a ring of the Octopus King {HP+2 MP+9 AC+2 EV+2
                  | SH+2}
 12402 | Gauntlet | Reached skill level 10 in Fighting
 12468 | Gauntlet | XOM: cloud trail
 12551 | Gauntlet | Noticed a minotaur
 12557 | Gauntlet | XOM: scenery: 1 doors close
 12563 | Gauntlet | Killed a minotaur
 12639 | Lair:5   | XOM: stat loss: -1 Dex (23/24)
 12702 | Lair:5   | XOM: summons 4 hostile shadow creatures
 12774 | Lair:5   | XOM: enchant monster (bad)
 12787 | Lair:5   | Reached XP level 15. HP: 117/117 MP: 0/0
 12787 | Lair:5   | Learned a level 6 spell: Summon Cactus Giant
 12833 | Lair:5   | XOM: 2-stop teleportation journey
 12835 | Lair:5   | XOM: blink monster(s)
 12970 | Lair:5   | Found a large runed translucent door.
 12970 | Lair:5   | Found a large runed translucent door.
 12970 | Lair:5   | XOM: summons 1 hostile shadow creature
 12987 | Lair:5   | XOM: summons 1 hostile demon
 12995 | Lair:5   | XOM: confuse monster(s)
 13102 | Abyss:3  | Cast into level 3 of the Abyss (Xom)
 13154 | Abyss:3  | Reached skill level 10 in Spellcasting
 13154 | Abyss:3  | Reached skill level 10 in Conjurations
 13154 | Abyss:3  | Reached skill level 10 in Hexes
 13154 | Abyss:3  | Reached skill level 10 in Summonings
 13154 | Abyss:3  | Reached skill level 10 in Necromancy
 13154 | Abyss:3  | Reached skill level 10 in Translocations
 13154 | Abyss:3  | Reached skill level 10 in Transmutations
 13154 | Abyss:3  | Reached skill level 10 in Fire Magic
 13154 | Abyss:3  | Reached skill level 10 in Ice Magic
 13154 | Abyss:3  | Reached skill level 10 in Air Magic
 13154 | Abyss:3  | Reached skill level 10 in Earth Magic
 13154 | Abyss:3  | Reached skill level 10 in Poison Magic
 13155 | Abyss:3  | XOM: stat loss: -1 Int (13/14)
 13218 | Abyss:3  | XOM: polymorph something unseen -> death yak
 13228 | Abyss:3  | XOM: polymorph large abomination -> large abomination
 13277 | Abyss:3  | Reached skill level 10 in Armour
 13336 | Abyss:3  | XOM: smoke on damage
 13336 | Abyss:3  | XOM: torment (62/121 hp)
 13339 | Abyss:3  | XOM: summons 3 hostile demons
 13349 | Abyss:3  | XOM: divination: detect creatures
 13350 | Abyss:3  | XOM: noise
 13372 | Abyss:3  | HP: 1/119 [blizzard demon/bolt of lightning (39)]
 13417 | Lair:5   | Escaped the Abyss
 13670 | Lair:5   | XOM: divination: detect items
 13777 | Lair:5   | XOM: destruction
 13791 | Lair:5   | XOM: give mutations
 13791 | Lair:5   | Lost mutation: Your spells are a little harder to cast, but
                  | a little more powerful. [Xom's mischief]
 13791 | Lair:5   | Lost mutation: You are very agile. (Dex +8, Str/Int -2)
                  | [Xom's mischief]
 13791 | Lair:5   | Lost mutation: You are robust. (+10% HP) [Xom's mischief]
 13800 | Lair:5   | XOM: confuse monster(s)
 13801 | Lair:5   | XOM: smoke on damage
 14034 | Orc:1    | Entered Level 1 of the Orcish Mines
 14189 | Orc:2    | Entered Level 2 of the Orcish Mines
 14196 | Orc:2    | Found Moppenol's Antique Armour Shop.
 14197 | Orc:2    | XOM: enchant monster (good)
 14199 | Orc:2    | XOM: summons friendly white imp
 14206 | Orc:2    | XOM: enchant monster (bad)
 14212 | Orc:2    | Reached skill level 13 in Long Blades
 14248 | Orc:2    | Found Vykuepia's General Store.
 14254 | Orc:2    | XOM: noise
 14305 | Orc:2    | Noticed an orc warlord
 14319 | Orc:2    | XOM: 1-stop teleportation journey
 14334 | Orc:2    | Noticed Josephine
 14343 | Orc:2    | Killed Josephine
 14399 | Orc:2    | XOM: enchant monster (good)
 14422 | Orc:2    | XOM: summons 1 hostile demon
 14425 | Orc:2    | XOM: silly message
 14430 | Orc:2    | Killed an orc warlord
 14505 | Orc:2    | XOM: destruction
 14508 | Orc:2    | Found Bicvuad's Antique Weapon Shop.
 14509 | Orc:2    | XOM: confuse monster(s)
 14517 | Orc:2    | Found a staircase to the Elven Halls.
 14576 | Orc:2    | Found Aklarhiv's Book Boutique.
 14703 | Orc:2    | XOM: give mutations
 14703 | Orc:2    | Lost mutation: You are strong-willed. (Will+) [Xom's
                  | mischief]
 14703 | Orc:2    | Lost mutation: You passively map a small area around you.
                  | [Xom's mischief]
 14703 | Orc:2    | Gained mutation: You are strong-willed. (Will+) [Xom's
                  | mischief]
 14834 | Orc:2    | XOM: give mutation
 14834 | Orc:2    | Lost mutation: You have very sharp teeth. [Xom's mischief]
 14860 | Orc:1    | XOM: potion effect (invisibility)
 14868 | Orc:1    | XOM: chaos upgrade
 14874 | Orc:1    | XOM: noise
 14901 | Orc:1    | Noticed an orc warlord
 14904 | Orc:1    | XOM: smoke on damage
 14904 | Orc:1    | XOM: torment (57/111 hp)
 14917 | Orc:1    | Killed an orc warlord
 14918 | Orc:1    | Reached XP level 16. HP: 77/115 MP: 0/0
 14943 | Orc:1    | Found Peighap's Assorted Antiques.
 14996 | Orc:1    | Bought a scroll labelled YCLUDE ROYTS for 28 gold pieces
 14996 | Orc:1    | Bought a scroll labelled YCLUDE ROYTS for 28 gold pieces
 15079 | Orc:1    | XOM: god gift: pair of gloves {god gift}
 15194 | Orc:1    | XOM: polymorph orc -> ball python
 15469 | D:11     | XOM: cast spell 'Summon Hydra'
 15577 | D:11     | XOM: 8-stop teleportation journey
 15630 | D:11     | XOM: summons 10 friendly demons
 15722 | D:11     | XOM: give mutations
 15722 | D:11     | Lost mutation: You are strong-willed. (Will+) [Xom's
                  | mischief]
 15722 | D:11     | Lost mutation: You expend health (3 HP) to strengthen your
                  | wands. [Xom's mischief]
 15722 | D:11     | Gained mutation: You are covered in fur. (AC +1) [Xom's
                  | mischief]
 15763 | D:11     | Reached skill level 1 in Shapeshifting
 15873 | D:11     | XOM: give mutations
 15873 | D:11     | Gained mutation: You are partially covered in iridescent
                  | scales. (AC +2) [Xom's mischief]
 15873 | D:11     | Lost mutation: You are covered in fur. (AC +1) [Xom's
                  | mischief]
 16252 | D:12     | XOM: give mutation
 16252 | D:12     | Gained mutation: You are mostly covered in iridescent
                  | scales. (AC +4) [Xom's mischief]
 16456 | D:12     | Found Uxiose's Weapon Shoppe.
 16633 | D:12     | XOM: enchant monster (bad)
 16638 | D:12     | XOM: swap monsters
 16818 | D:13     | XOM: enchant monster (good)
 16845 | D:13     | Found a gate to the Vaults.
 16848 | D:13     | XOM: summons 5 friendly demons
 16849 | D:13     | XOM: noise
 16867 | D:13     | XOM: silly message
 17126 | D:13     | XOM: enchant monster (bad)
 17130 | D:13     | XOM: scenery: create altars
 17132 | D:13     | XOM: polymorph quasit -> crimson imp
 17236 | D:13     | Found a runed translucent door.
 17236 | D:13     | Noticed a storm dragon
 17452 | D:13     | XOM: cloud trail
 17571 | D:13     | XOM: confuse monster(s)
 17593 | D:13     | XOM: 9-stop teleportation journey
 17620 | D:13     | XOM: noise
 17788 | D:14     | Reached skill level 5 in Shapeshifting
 17852 | D:14     | XOM: divination: detect creatures
 17895 | D:14     | XOM: summons friendly white imp
 17961 | D:14     | Found a portal to a secret trove of treasure.
 18150 | D:14     | Reached XP level 17. HP: 97/121 MP: 0/0
 18150 | D:14     | Learned a level 7 spell: Malign Gateway
 18257 | D:14     | XOM: give mutations
 18257 | D:14     | Lost mutation: Your flesh is almost immune to the effects
                  | of heat. (rF+++) [Xom's mischief]
 18257 | D:14     | Gained mutation: You are occasionally teleported next to
                  | monsters. [Xom's mischief]
 18257 | D:14     | Lost mutation: You are occasionally teleported next to
                  | monsters. [Xom's mischief]
 18264 | D:14     | XOM: scenery: summon butterflies
 18345 | D:15     | Entered Level 15 of the Dungeon
 18439 | D:15     | Reached skill level 14 in Long Blades
 18445 | D:15     | XOM: noise
 18459 | D:15     | XOM: potion effect (might)
 18478 | D:15     | XOM: god gift: potion of curing
 18511 | D:15     | Found a transporter.
 18537 | D:15     | Found a staircase to the Depths.
 18550 | D:15     | XOM: confuse monster(s)
 18757 | D:15     | XOM: god gift: scroll labelled BIEGUT MYOBUGI {god gift}
 18771 | D:15     | XOM: god gift: +1 triple sword of protection
 19122 | D:15     | XOM: god gift: runed demon blade {god gift}
 19447 | D:15     | Found a transporter.
 19563 | D:13     | XOM: give mutations
 19563 | D:13     | Gained mutation: You expend health (3 HP) to strengthen
                  | your wands. [Xom's mischief]
 19563 | D:13     | Gained mutation: You are strong-willed. (Will+) [Xom's
                  | mischief]
 19670 | Lair:1   | XOM: summons 1 hostile demon
 19729 | Snake:1  | XOM: noise
 19729 | Snake:1  | Entered Level 1 of the Snake Pit
 19890 | Snake:1  | XOM: give mutations
 19890 | Snake:1  | Lost mutation: You are strong-willed. (Will+) [Xom's
                  | mischief]
 19890 | Snake:1  | Lost mutation: You are agile. (Dex +4, Str/Int -1) [Xom's
                  | mischief]
 19890 | Snake:1  | Lost mutation: You are mostly covered in iridescent scales.
                  | (AC +4) [Xom's mischief]
 19890 | Snake:1  | Gained mutation: You are dopey. (Int -2) [Xom's mischief]
 19974 | Snake:1  | XOM: cleaving
 20020 | Snake:1  | XOM: divination: detect creatures
 20021 | Snake:1  | XOM: noise
 20072 | Snake:1  | XOM: fog
 20199 | Snake:1  | XOM: potion effect (heal wounds)
 20426 | Snake:1  | XOM: scenery: summon butterflies
 20508 | Snake:1  | XOM: summons 7 friendly demons
 20539 | Snake:1  | XOM: cleaving
 20680 | Orc:2    | Bought the +2 hood of the Assassin {Detect Stab+ Stlth++}
                  | for 2220 gold pieces
 20680 | Orc:2    | Found the +2 hood of the Assassin {Detect Stab+ Stlth++}
 20958 | Snake:2  | XOM: god gift: +5 scimitar of chaos
 20965 | Snake:2  | Identified the serpent talisman of Relativism {Str+3}
 20965 | Snake:2  | Noticed Aizul
 20966 | Snake:2  | XOM: cast spell 'Monstrous Menagerie'
 20976 | Snake:2  | Killed Aizul
 21061 | Snake:2  | XOM: cleaving
 21073 | Snake:2  | Noticed Azrael
 21084 | Snake:2  | XOM: silly message
 21085 | Snake:2  | Killed Azrael
 21131 | Snake:2  | XOM: divination: detect creatures
 21132 | Snake:2  | XOM: divination: detect creatures
 21186 | Snake:2  | XOM: noise
 21205 | Snake:2  | Found Pikarro's Armour Shoppe.
 21294 | Snake:2  | Identified the +4 glaive of the Apocalypse {speed, rElec
                  | rF+ Str+2}
 21388 | Snake:2  | XOM: 4-stop teleportation journey
 22050 | Snake:3  | XOM: potion effect (haste)
 22059 | Snake:3  | XOM: polymorph naga sharpshooter -> komodo dragon
 22108 | Snake:3  | Found Vauhyut's Antique Weapon Emporium.
 22108 | Snake:3  | Found Pyckudew's Antique Weapon Shoppe.
 22240 | Snake:3  | XOM: cleaving
 22272 | Snake:3  | XOM: polymorph nagaraja -> shapeshifter
 22273 | Snake:3  | XOM: god gift: 41 gold pieces
 22284 | Snake:3  | XOM: confuse monster(s)
 22311 | Snake:3  | XOM: god gift: 40 gold pieces
 22367 | Snake:2  | XOM: give mutations
 22367 | Snake:2  | Gained mutation: You are strong-willed. (Will+) [Xom's
                  | grace]
 22367 | Snake:2  | Lost mutation: You are dopey. (Int -2) [Xom's grace]
 22367 | Snake:2  | Gained mutation: Your flesh is almost immune to the effects
                  | of heat. (rF+++) [Xom's grace]
 22377 | Snake:2  | Bought the +3 buckler of the Past {rElec} for 703 gold
                  | pieces
 22383 | Snake:2  | XOM is BORED!
 22383 | Snake:2  | XOM: summons 8 hostile demons
 22597 | Snake:3  | XOM: fog
 22600 | Snake:3  | XOM: summons 9 friendly demons
 22685 | Snake:3  | Reached XP level 18. HP: 127/130 MP: 0/0
 22694 | Snake:3  | XOM: confuse monster(s)
 22916 | Snake:3  | XOM: scenery: 3 doors open, 3 doors close
 22921 | Snake:4  | Entered Level 4 of the Snake Pit
 22953 | Snake:4  | XOM: 1-stop teleportation journey
 23039 | Snake:4  | XOM: enchant monster (good)
 23121 | Snake:4  | XOM: scenery: create altars
 23560 | Snake:4  | Noticed Vashnia
 23566 | Snake:4  | XOM: summons 14 friendly demons
 23581 | Snake:4  | XOM: scenery: summon butterflies
 23595 | Snake:4  | XOM: summons 8 friendly demons
 23644 | Snake:4  | XOM: god gift: 32 gold pieces
 23771 | Snake:4  | XOM: smoke on damage
 23859 | Snake:4  | Killed Vashnia
 24071 | Snake:4  | XOM: god gift: 3 atropa-tipped darts
 24207 | Snake:4  | Reached skill level 10 in Shields
 24248 | Snake:4  | XOM: enchant monster (good)
 24278 | Snake:4  | XOM: enchant monster (good)
 24328 | Snake:4  | XOM: polymorph shock serpent -> glass eye
 24331 | Snake:4  | XOM: give mutations
 24331 | Snake:4  | Gained mutation: You are somewhat resistant to further
                  | mutation. [Xom's grace]
 24331 | Snake:4  | Gained mutation: Your mind is acute. (Int +4, Str/Dex -1)
                  | [Xom's grace]
 24331 | Snake:4  | Gained mutation: You possess an exceptional clarity of
                  | mind. [Xom's grace]
 24375 | Snake:4  | XOM: stat loss: -1 Dex (14/15)
 24430 | Snake:4  | Noticed a quicksilver dragon
 24441 | Snake:4  | Killed a quicksilver dragon
 24488 | Snake:4  | Got a serpentine rune of Zot
 24536 | Snake:4  | XOM: confuse monster(s)
 24542 | Snake:4  | XOM: enchant monster (good)
 24577 | Snake:4  | XOM: snakes to sticks
 24589 | Snake:4  | XOM: summons 5 friendly demons
 24949 | D:13     | XOM: cleaving
 24951 | D:13     | XOM: summons friendly ufetubus
 24963 | D:13     | XOM: enchant monster (good)
 24968 | D:13     | XOM: scenery: summon butterflies
 25006 | Vaults:1 | Entered Level 1 of the Vaults
 25092 | Vaults:1 | XOM: divination: detect creatures
 25100 | Vaults:1 | XOM: summons friendly ufetubus
 25103 | Vaults:1 | XOM: summons 14 friendly demons
 25132 | Vaults:1 | XOM: enchant monster (bad)
 25329 | Vaults:1 | XOM: god gift: book of Fire
 25343 | Vaults:1 | XOM: 1-stop teleportation journey
 25429 | Vaults:1 | XOM: 3-stop teleportation journey
 25483 | Vaults:1 | XOM: summons 10 friendly demons
 25497 | Vaults:1 | XOM: confuse monster(s)
 25508 | Vaults:1 | XOM: confuse monster(s)
 25552 | Vaults:1 | XOM: cloud trail
 25578 | Vaults:1 | XOM: summons 10 hostile demons
 25646 | Vaults:1 | XOM: chaos upgrade
 25657 | Vaults:1 | Reached skill level 10 in Shapeshifting
 25657 | Vaults:1 | Reached XP level 19. HP: 96/137 MP: 0/0
 25657 | Vaults:1 | Learned a level 7 spell: Monstrous Menagerie
 25689 | Vaults:1 | XOM: potion effect (curing)
 25718 | Vaults:1 | XOM: cleaving
 25848 | Vaults:1 | XOM: give mutations
 25848 | Vaults:1 | Lost mutation: You expend health (3 HP) to strengthen your
                  | wands. [Xom's mischief]
 25848 | Vaults:1 | Lost mutation: You have a pair of small horns on your head.
                  | [Xom's mischief]
 25848 | Vaults:1 | Gained mutation: You have supernaturally acute eyesight.
                  | (SInv) [Xom's mischief]
 25925 | Vaults:1 | Found Teryepn's Book Boutique.
 25933 | Vaults:1 | XOM: polymorph lindwurm -> cyclops
 25936 | Vaults:1 | XOM: cast spell 'Cause Fear'
 25938 | Vaults:1 | Reached skill level 15 in Long Blades
 25943 | Vaults:1 | XOM: polymorph cyclops -> moth of wrath
 26005 | Vaults:1 | XOM: potion effect (haste)
 26016 | Vaults:1 | XOM: summons 2 friendly demons
 26021 | Vaults:1 | XOM: scenery: summon butterflies
 26031 | Vaults:1 | XOM: cleaving
 26044 | Vaults:1 | XOM: scenery: 1 doors open
 26225 | Vaults:1 | XOM: butterfly on damage
 26231 | Vaults:1 | XOM: summons friendly white imp
 26234 | Vaults:1 | Annihilated by a vault warden

Illustrated notes

Levels and vault maps discovered:
D:1:      heliophobic_arrival_dark_side_of_the_moon, layout_loops_corners,
          ebering_ecumenical_altar_sacrificial, amethyst_killhole,
          dk_noncrumbling_4
D:2:      layout_basic, minmay_pentomino_z4
D:3:      layout_loops_ring
D:4:      layout_rooms, hangedman_decor_clover_reticule
D:5:      layout_basic, trog_antimagical, yredelemnul_altar_generic,
          mainiacjoe_overflow_alcove_3, gammafunk_ghost_split,
          minmay_manual_maat, uniq_ijyb
D:6:      layout_cave_pools, temple_hall, serial_undead, serial_undead_f,
          serial_undead_c, serial_undead_f, serial_undead_c, serial_undead_a,
          kennysheep_cross_room
D:7:      minmay_the_grid_octo_triangle [minmay_the_grid_octo_teeth,
          minmay_the_grid_octo_prize_square_snowflake,
          minmay_the_grid_octo_focus], layout_basic, xom_confusion_cloud
D:8:      layout_layer_cave, uniq_maggie, uniq_pikel
D:9:      layout_roguey, nicolae_stop_n_shop_1, nicolae_hexahallways,
          nicolae_zig_zag_zippers
D:10:     kb_forest_paths, layout_gridville, due_lair_maze_entry_diamond,
          orc_0_dummy
D:11:     layout_basic, nicolae_doodle_vault
D:12:     layout_loops_cross, serial_shops, nicolae_shop_window_shopping
D:13:     layout_small_grid, lightli_vaults_fourway_checkpoint,
          kennysheep_treasure_room
D:14:     layout_cave_pools, trove_entry_hex_spiral,
          chequers_serial_rivers_micro_c, hangedman_fish_farm
D:15:     hellmonk_depths_entry_around_the_bend, layout_loops_corners,
          nicolae_diode_stairs
Lair:1:   layout_roguey, chequers_serial_rivers_micro_e,
          chequers_serial_rivers_room_b
Lair:2:   layout_cave_pods, ebering_ghost_rock_garden
Lair:3:   layout_regular_city, swamp_mist_pool, nicolae_snake_entry_squirm,
          infiniplex_staircase_pool_2, uniq_nergalle, uniq_gastronok
Lair:4:   layout_misc_corridors, slime_entry_2, gammafunk_ghost_necromancy,
          uniq_urug
Lair:5:   cheibrodos_lair_end_hotspot, layout_loops_ring,
          gauntlet_entry_generic, wad_woods_river_02
Snake:1:  layout_onion, nicolae_snake_salamander_fort
Snake:2:  layout_chambers, serial_shops, nicolae_shop_trees, uniq_aizul,
          uniq_azrael
Snake:3:  layout_gridlike, serial_library_hellmonk_metal_room, minmay_shoptagon
Snake:4:  hellmonk_snake_rune_quicksilver_temple, layout_chambers,
          nicolae_triple_integral, uniq_vashnia
Orc:1:    minmay_goldmine, layout_diamond_mine, basic_altar, serial_shops, shop
Orc:2:    grunt_orc_gardens, layout_caves, grunt_orc_garden, grunt_orc_garden,
          grunt_orc_garden, grunt_orc_garden, uniq_josephine
Vaults:1: nicolae_vaults_circle_grid_a, hangedman_vaults_river_flow,
          nicolae_vaults_puzzle_piece, nicolae_vaults_angled_halls,
          ontoclasm_vaults_twist, vaults_room_fours, v_misc_30,
          vaults_room_grunt_arrival_ludios, vaults_room_pool,
          nicolae_vaults_tetromino_Z_1, nicolae_vaults_trapezoid_lopsided_1,
          layout_vaults_omnigrid, serial_shops, shop

Skill      XL: |  1  2  3  4  5  6  7  8  9 10 11 12 13 14 15 16 17 18 19 |
---------------+----------------------------------------------------------+-----
Long Blades    | 3 4 5 6 8 9 10 11 12 13 14 15 | 15.0
Spellcasting   | 1 2 3 4 5 6 7 8 9 10 11 | 11.9
Conjurations   | 1 2 3 4 5 6 7 8 9 10 11 | 11.9
Hexes          | 1 2 3 4 5 6 7 8 9 10 11 | 11.9
Summonings     | 1 2 3 4 5 6 7 8 9 10 11 | 11.9
Necromancy     | 1 2 3 4 5 6 7 8 9 10 11 | 11.9
Translocations | 1 2 3 4 5 6 7 8 9 10 11 | 11.9
Transmutations | 1 2 3 4 5 6 7 8 9 10 11 | 11.9
Fire Magic     | 1 2 3 4 5 6 7 8 9 10 11 | 11.9
Ice Magic      | 1 2 3 4 5 6 7 8 9 10 11 | 11.9
Air Magic      | 1 2 3 4 5 6 7 8 9 10 11 | 11.9
Earth Magic    | 1 2 3 4 5 6 7 8 9 10 11 | 11.9
Poison Magic   | 1 2 3 4 5 6 7 8 9 10 11 | 11.9
Armour         | 2 3 4 5 6 7 8 9 10 11 12 | 12.4
Dodging        | 3 4 5 6 7 8 9 10 11 12 13 | 13.6
Fighting       | 4 5 6 7 8 9 10 11 12 13 | 13.1
Shields        | 2 4 5 6 7 8 9 10 | 10.6
Shapeshifting  | 5 8 10 | 10.4

Action                     |  1- 3 |  4- 6 |  7- 9 | 10-12 | 13-15 | 16-18 | 19-21 || total
---------------------------+-------+-------+-------+-------+-------+-------+-------++-------
  Melee: Falchion          |   100 |   145 |    20 |       |       |       |       ||   265
         Punch             |     1 |     2 |     6 |     2 |       |       |       ||    11
         Double sword      |       |       |   208 |   446 |   869 |  1085 |   117 ||  2725
         Bite              |       |       |       |    31 |   104 |       |       ||   135
         Headbutt          |       |       |       |    43 |   193 |   294 |    14 ||   544
   Cast: Poisonous Vapours |       |     5 |       |       |       |       |       ||     5
         Call Imp          |       |       |       |     2 |       |     1 |       ||     3
         Freezing Cloud    |       |       |       |       |     8 |    38 |     3 ||    49
         Summon Cactus Gia |       |       |       |       |       |     2 |       ||     2
  Evoke: Wand              |       |       |       |       |     2 |     2 |       ||     4
    Use: Potion            |     1 |       |       |       |     5 |       |       ||     6
         Scroll            |       |       |     6 |     2 |     4 |     7 |       ||    19
   Stab: Sleeping          |     1 |     1 |       |     1 |     4 |     9 |       ||    16
         Petrified         |       |       |     4 |       |     2 |     1 |       ||     7
         Confused          |       |       |     1 |       |     7 |    12 |       ||    20
         Distracted        |       |       |       |     2 |       |     5 |       ||     7
         Betrayed ally     |       |       |       |     1 |       |       |       ||     1
         Invisible         |       |       |       |       |    14 |     5 |       ||    19
         Petrifying        |       |       |       |       |       |     1 |       ||     1
         Paralysed         |       |       |       |       |       |     1 |       ||     1
 Armour: Leather armour    |    52 |    90 |   146 |    96 |       |       |       ||   384
         Acid dragon scale |       |       |       |    96 |   419 |   535 |       ||  1050
         Skin              |       |       |       |       |    11 |       |       ||    11
         Quicksilver drago |       |       |       |       |       |   127 |    46 ||   173
  Dodge: Dodged            |    63 |   107 |   343 |   316 |   707 |   850 |    54 ||  2440
  Block: Kite shield       |       |       |       |   154 |   123 |       |       ||   277
         Buckler           |       |       |       |       |   257 |   494 |    56 ||   807
         Other             |       |       |       |       |       |     2 |       ||     2

Table legend: (Time is in decaauts)
 A = Elapsed time spent in this place.
 B = Non-inter-level travel time spent in this place.
 C = Inter-level travel time spent in this place.
 D = Time resting spent in this place.
 E = Time spent auto-exploring this place.
 F = Levels seen in this place.
 G = Mean time per level.
                   A        B        C        D        E       F      G
               +--------+--------+--------+--------+--------+-----+--------+
         Total |  26186 |  24462 |   1724 |   1698 |  16422 |  29 |  903.0 |
       Dungeon |  13097 |  12338 |    759 |    984 |   8624 |  15 |  873.1 |
          Lair |   4975 |   4413 |    562 |     81 |   2960 |   5 |  995.0 |
     Snake Pit |   4664 |   4417 |    247 |    281 |   3037 |   4 | 1166.0 |
  Orcish Mines |   1446 |   1292 |    154 |     18 |    872 |   2 |  723.0 |
        Vaults |   1156 |   1156 |      0 |    100 |    713 |   1 | 1156.0 |
         Abyss |    332 |    332 |      0 |    125 |     44 |   1 |  332.0 |
      Gauntlet |    513 |    513 |      0 |    108 |    171 |   1 |  513.0 |
               +--------+--------+--------+--------+--------+-----+--------+

Top non-repeatable levels by time:
     D:1: 1778 daAuts
 Snake:4: 1726 daAuts
 Snake:2: 1295 daAuts
  Lair:3: 1179 daAuts
    D:15: 1177 daAuts
Vaults:1: 1156 daAuts
  Lair:5: 1114 daAuts
  Lair:2: 1059 daAuts
     D:8: 984 daAuts
    D:13: 958 daAuts
     D:5: 928 daAuts
    D:10: 926 daAuts
     D:7: 906 daAuts
 Snake:1: 858 daAuts
  Lair:1: 813 daAuts
